 BcadrenCrawl: Boulder Brew version 0.06-688-g08e91b2d95 (webtiles) character file.

Game seed: 358959627144928247

357 Leeroy the Skirmisher (level 6, -3/79 HPs) Immature Draconian Priest. Began on Feb 1, 2023. Was a Priest of Bahamut & Tiamat. Slain by a sewer rat (7 damage) ... on level 1 of the Dungeon. The game lasted 00:06:31 (2004 turns).

Leeroy the Skirmisher (Immature Draconian Priest)   Turns: 2004, Time: 00:06:31

Health: -3/79      AC:  7    Str: 13    XL:     6 ^: 223
Magic:  10/10      EV: 12    Int: 11    God:    Bahamut & Tiamat [3* [84]]
Gold:   102        SH:  0    Dex: 15    Spells: 5/5 levels left

rFire    . . .     Slash    +     - Unarmed
rCold    . . .     Pierce   x     - Unarmed
rNeg     . . .     Bludgeon .   (armour unavailable)
rCorr    + . .     Vision   .   (helmet restricted)
rPois    +         Gourm    .   (no cloak)
rElec    .         Faith    .   (no gloves)
MR       .....     Spirit   .   (no boots)
HPRegen  0.36/turn Reflect  .   i - amulet of magic regeneration
MPRegen  0.45/turn Harm     .   f - ring of resist corrosion
Stlth    ++........             k - ring of poison resistance

@: short of breath
A: deformed body 2, cold-blooded, draconic flesh, AC +7
a: Breathe Dart, Choose Bahamut's Protection, Choose Tiamat's Retribution,
Adaptive Breath, Renounce Religion


You were on level 1 of the Dungeon.
You worshipped Bahamut & Tiamat.
Bahamut & Tiamat was most pleased with you.
You were hungry.

You visited 1 branch of the dungeon, and saw 2 of its levels.
You also visited: Temple.

You collected 102 gold pieces.

Inventory:

Jewellery
 f - a ring of resist corrosion (left hand)
 h - an uncursed ring of magical power
 i - an amulet of magic regeneration (around neck)
 k - a ring of poison resistance (right hand)
Scrolls
 c - a scroll of bless item
 d - a scroll of blinking
 e - a scroll of enchantment
Potions
 g - a potion of curing
 l - a potion of berserk rage
Miscellaneous
 b - a fan of gales
Comestibles
 a - a ration


   Skills:
 + Level 6.4 Fighting
 - Level 1.5 Dodging
 - Level 1.4 Stealth
 - Level 2.6 Unarmed Combat
 + Level 5.6 Invocations


You had 5 spell levels left.
You didn't know any spells.
Your spell library was empty.

Dungeon Overview and Level Annotations

Branches:
Dungeon (2/8)

Altars:

Annotations:
D:2 Purgy


Innate Abilities, Weirdness & Mutations

Your plain brown scales are resilient. (AC +7)
You can breathe rudimentary magical darts.
You cannot wear any armour on your peculiar form.
You are cold-blooded and are slowed more easily by cold attacks.
Your scales resist being cut, but it's oddly easy to stick a small blade between them. (rSlashing+, rPiercing-)


Message History

You hit the sewer rat but do no damage. You closely miss the sewer rat.
The sewer rat is almost dead. (2/12) HP The sewer rat bites you (4).
You are perforated ruthlessly!
* * * LOW HITPOINT WARNING * * *
Okay, then.
You hit the sewer rat but do no damage. x2
The sewer rat is almost dead. (2/12) HP You hit the sewer rat but do no damage. x2
The sewer rat is almost dead. (2/12) HP The sewer rat bites you (3).
You are perforated ruthlessly!
* * * LOW HITPOINT WARNING * * *
Breath at?
Press: ? - help, Shift-Dir - straight line, f - sewer rat
Aim: a submerged sewer rat (81%, 81% to-hit, almost dead (2/12), 72% (Melee))
You spit a rudimentary magic dart.
The dart hits the sewer rat but does no damage.
The sewer rat is almost dead. (2/12) HP You feel somewhat more hungry.
The sewer rat bites you (7)!
You are perforated ruthlessly!
You die...

.)..##.............##...........#
#...)#...........).#............#
##...##...........##......#####.#
#...###.........###......# #.#
#...# ##.......## #...#### #.#
#...#######.#######...# ###.#
#........#...#........# #....
#÷........#.#.≈r≈.....# #....
#..........#..≈@......# #....
########.......≈####### #....
##.....#.# #.... ##...##.# #....
######.# #.... #.# ####. #.# #.
#######.# #. #.......# #.


You could see a submerged sewer rat.

Vanquished Creatures
  A crocodile (D:2)
  2 jellies (D:2)
  2 giant cockroaches
  2 adders (D:2)
  12 sewer rats
  A cinder newt (D:1)
  A worm (D:2)
  A bullfrog (D:2)
  An ooze (D:2)
  A dart slug (D:1)
  2 leopard geckos (D:2)
  12 bats
  7 hobgoblins (D:1)
  2 ball pythons
  3 bat skeletons (D:2)
  3 kobolds (D:1)
  2 orc skeletons (D:2)
  3 rats
  A rat skeleton (D:2)
59 creatures vanquished.

Vanquished Creatures (others)
  A giant cockroach (D:2)
  A bat (D:2)
  A giant blowfly (D:2)
  2 slimeheads (D:2)
  60 withered plants (D:2)
65 creatures vanquished.

Grand Total: 124 creatures vanquished

Notes
Turn   | Place    | Note
-------+----------+-------------------------------------------
     0 | Start Te | Leeroy the Immature Draconian Priest began the quest for
                  | the Orb.
     0 | Start Te | Reached XP level 1. HP: 29/29 MP: 3/3
     0 | Start Te | Found a sparkling altar of Nemelex Xobeh.
     1 | Start Te | Found a basalt altar of Yredelemnul.
     1 | Start Te | Found a white marble altar of Elyvilon.
     2 | Start Te | Found an iron altar of Okawaru.
     3 | Start Te | Found a glowing silver altar of Zin.
     3 | Start Te | Found a blossoming altar of Fedhas.
     4 | Start Te | Found a stormy altar of Qazlal.
     5 | Start Te | Found a glowing golden altar of the Shining One.
     5 | Start Te | Found an opulent altar of Gozag.
     6 | Start Te | Found a sacrificial altar of Ru.
     7 | Start Te | Found an ornate altar of Bahamut and Tiamat.
     7 | Start Te | Found a hazy altar of Hepliaklqana.
    15 | Start Te | Became a worshipper of Bahamut & Tiamat
    15 | Start Te | Reached * piety under Bahamut & Tiamat
    15 | Start Te | Reached ** piety under Bahamut & Tiamat
    55 | D:1      | Reached XP level 2. HP: 39/39 MP: 5/5
   103 | D:1      | Reached skill level 5 in Invocations
   301 | D:1      | Reached XP level 3. HP: 39/49 MP: 6/6
   542 | D:1      | Reached skill level 1 in Fighting
   761 | D:2      | Found a faded altar of an unknown god.
   762 | D:2      | Reached XP level 4. HP: 44/59 MP: 8/8
   805 | D:1      | Reached skill level 2 in Fighting
   991 | D:1      | Reached skill level 3 in Fighting
  1203 | D:1      | Reached *** piety under Bahamut & Tiamat
  1203 | D:1      | Reached XP level 5. HP: 14/69 MP: 9/9
  1479 | D:2      | Reached skill level 4 in Fighting
  1613 | D:2      | Reached skill level 5 in Fighting
  1613 | D:2      | Reached XP level 6. HP: 25/79 MP: 10/10
  1719 | D:2      | Reached skill level 6 in Fighting
  1937 | D:2      | Noticed Purgy
  2003 | D:1      | HP: 3/79 [sewer rat (3)]
  2004 | D:1      | Slain by a sewer rat

Illustrated notes

Levels and vault maps discovered:
D:1:      psy_arrival_dodecagon, layout_basic, minmay_tiny_reverse_x
D:2:      layout_sewer, nicolae_dithmenos_through_a_glass_darkly, purgy_house,
          chequers_ecumenical_altar_simple, first_ration

Skill      XL: |  1  2  3  4  5  6 |
---------------+-------------------+-----
Invocations    | 5 |  5.6
Fighting       | 1 3 5 6 |  6.4
Dodging        | |  1.5
Stealth        | |  1.4
Unarmed Combat | |  2.6

Action                   |  1- 3 |  4- 6 || total
-------------------------+-------+-------++-------
Melee: Unarmed           |   121 |   379 ||   500
       Peck              |     8 |    40 ||    48
Invok: Choose Tiamat's A |       |     1 ||     1
       Adaptive Breath   |       |     1 ||     1
 Abil: Breathe Dart      |       |     2 ||     2
 Stab: Sleeping          |     1 |       ||     1
  Eat: Chunk             |       |     4 ||     4
Armor: Skin              |    22 |    35 ||    57
Dodge: Dodged            |    20 |    62 ||    82
